[Event "Charlotte Spring IM-B 2024"]
[Site "Charlotte"]
[Date "2024.03.28"]
[Round "1.1"]
[White "Bregadze, Levan"]
[Black "Diaz Charpentier, Kristel Meliss"]
[Result "1-0"]
[ECO "B26"]
[WhiteElo "2435"]
[BlackElo "1990"]
[Annotator "TA"]
[PlyCount "77"]
[EventDate "2024.03.27"]
[EventType "tourn"]
[EventCountry "USA"]
[SourceTitle "playchess.com"]
[Source "ChessBase"]
[SourceQuality "1"]
[TimeControl "5400+30"]

1. e4 c5 2. Nc3 Nc6 3. g3 g6 4. d3 Bg7 5. Be3 d6 6. Qd2 Rb8 7. Bg2 b5 8. Nge2 Nd4 9. O-O e6 10. Nd1 Ne7 11. Nc1 O-O 12. c3 Ndc6 13. Bh6 e5 (13... Bxh6 $11 {deserves consideration.} 14. Qxh6 b4) 14. Bxg7 $1 $14 {[%emt 0:00:47] White is slightly better.} Kxg7 15. Ne3 Qb6 16. f4 f5 17. Ne2 Be6 18. Rf2 Rf7 (18... c4 $1 $11 {remains equal.}) 19. Raf1 $16 {[%emt 0:05:24][%cal Og3g4] Threatens to win with g4!} Rbf8 20. Kh1 (20. exf5 $16 Nxf5 21. Nxf5+ Bxf5 22. fxe5 Nxe5 23. Nf4) 20... Bc8 21. exf5 gxf5 {[%emt 0:06:09] [#]} (21... Nxf5 $14 22. b4 cxb4 23. Nxf5+ Bxf5) 22. Nd5 {[%emt 0:01:22] White is more active.} (22. g4 $1 $16) 22... Nxd5 $14 23. Bxd5 Rf6 24. Bg2 Ne7 25. fxe5 dxe5 26. d4 cxd4 27. cxd4 e4 28. Nf4 {[%emt 0:00:16] Black must now prevent Nh5+.} (28. Qg5+ {is more complex.} Ng6 29. Nf4 R6f7 30. g4) 28... Kg8 29. Qb4 R8f7 30. Rc2 $36 {[%emt 0:03:56][%cal Oc2c8][%mdl 2048] White is pushing.} a5 (30... Bb7 $11) 31. Qd2 Bb7 32. Rc5 Rd6 33. Rfc1 Ng6 34. d5 {[%emt 0:03:53] Ne6 is the strong threat.} Ne5 $2 {[%emt 0:06:17][%mdl 8192] [#] A mistake that costs the game.} (34... Nxf4 $11 {and Black has nothing to worry.} 35. Qxf4 Qd8 (35... Rxd5 $2 {loses.} 36. Rxd5 Bxd5 37. Qg5+ Qg6 38. Qd8+ Kg7 39. Qxd5 $18) (35... Bxd5 $2 {is the wrong capture.} 36. Rc8+ Rf8 37. Rxf8+ Kxf8 38. Qxf5+ Bf7 39. Rf1 $18)) 35. Ne6 $1 $18 Nc4 $2 (35... Rxe6 36. dxe6 Qxe6 37. Rxb5 Nd3) 36. Qg5+ {[%emt 0:00:04] White is clearly winning.} Kh8 {[%emt 0:00:07] [#]} 37. Rc7 $1 Qxc7 38. Nxc7 Rxc7 39. b3 {[%emt 0:00:25] Weighted Error Value: White=0.16 (very precise) /Black=0.37.  Loses game:     	---       	Black=1      Mistake:       	White=2     	Black=5      Inaccurate:     	White=5     	Black=1      OK:         	White=9     	Black=10     Best:        	---       	Black=2      Strong:       	White=2     	---} 1-0

[Event "Charlotte Spring IM-B 2024"]
[Site "Charlotte"]
[Date "2024.03.28"]
[Round "1.2"]
[White "Lima, Darcy"]
[Black "Castillo Coca, Mairebis"]
[Result "1-0"]
[ECO "A55"]
[WhiteElo "2364"]
[BlackElo "2043"]
[Annotator "RC"]
[PlyCount "105"]
[EventDate "2024.03.27"]
[EventType "tourn"]
[EventCountry "USA"]
[SourceTitle "playchess.com"]
[Source "ChessBase"]
[SourceQuality "1"]
[TimeControl "5400+30"]

1. c4 e5 2. g3 Nf6 3. Bg2 Be7 4. Nf3 d6 5. O-O O-O 6. Nc3 c6 7. e4 Nbd7 8. d4 a6 9. h3 b5 10. c5 Bb7 11. cxd6 Bxd6 12. Be3 Re8 13. Qc2 Qc7 14. Rad1 Rac8 15. dxe5 Nxe5 16. Nh4 Nc4 17. Bd4 Be5 18. Bxe5 Qxe5 19. b3 Nb6 20. Nf5 Rcd8 21. f4 Qc5+ 22. Qf2 Qxf2+ 23. Kxf2 Nc8 24. e5 Nd5 25. Ne4 g6 26. Ne3 Nxe3 27. Nf6+ Kh8 28. Kxe3 Rf8 29. Nd7 Rfe8 30. Nc5 Ba8 31. Nxa6 Ne7 32. Be4 Bb7 33. Nc5 Bc8 34. g4 Kg7 35. a4 bxa4 36. bxa4 h5 37. Rxd8 Rxd8 38. f5 Nd5+ 39. Kf3 hxg4+ 40. hxg4 Nc3 41. f6+ Kh6 42. Rc1 Nxe4 43. Nxe4 Rd3+ 44. Kf4 g5+ 45. Nxg5 Rd4+ 46. Ke3 Rxa4 47. Nxf7+ Kg6 48. Nd6 Bd7 49. Rf1 Ra3+ 50. Kd4 Ra4+ 51. Kc5 Be6 52. f7 Bxf7 53. Nxf7 1-0

[Event "Charlotte Spring IM-B 2024"]
[Site "Charlotte"]
[Date "2024.03.28"]
[Round "1.3"]
[White "Tang, Benjamin"]
[Black "Narayanan, Samrug"]
[Result "1/2-1/2"]
[ECO "C02"]
[WhiteElo "2324"]
[BlackElo "2343"]
[Annotator "RC"]
[PlyCount "52"]
[EventDate "2024.03.27"]
[EventType "tourn"]
[EventCountry "USA"]
[SourceTitle "playchess.com"]
[Source "ChessBase"]
[SourceQuality "1"]
[TimeControl "5400+30"]

1. e4 e6 2. d4 d5 3. e5 c5 4. c3 Nc6 5. Nf3 Qb6 6. Bd3 cxd4 7. O-O Bd7 8. Re1 Nge7 9. h4 h5 10. Nbd2 g6 11. Rb1 Bg7 12. Nb3 a5 13. Nbxd4 O-O 14. Bg5 Rfe8 15. Qe2 Nf5 16. Nb5 Nxe5 17. Nxe5 Bxe5 18. Qxe5 Bxb5 19. Bxf5 exf5 20. Qxd5 Qc6 21. Qd2 Qd7 22. Qxd7 Bxd7 23. Rbd1 Rxe1+ 24. Rxe1 Re8 25. Rxe8+ Bxe8 26. Bf6 Bc6 1/2-1/2

[Event "Charlotte Spring IM-B 2024"]
[Site "Charlotte"]
[Date "2024.03.28"]
[Round "1.4"]
[White "Jiang, Andrew"]
[Black "Becerra Rivero, Julio"]
[Result "0-1"]
[ECO "C08"]
[WhiteElo "2181"]
[BlackElo "2411"]
[Annotator "TA"]
[PlyCount "77"]
[EventDate "2024.03.27"]
[EventType "tourn"]
[EventCountry "USA"]
[SourceTitle "playchess.com"]
[Source "ChessBase"]
[SourceQuality "1"]
[TimeControl "5400+30"]

1. e4 c5 2. c3 e6 3. d4 d5 4. exd5 exd5 5. Bb5+ Nc6 6. Nf3 Bd6 7. dxc5 Bxc5 8. O-O Nf6 9. Nbd2 O-O 10. Nb3 Bb6 11. Nbd4 Qd6 12. Be2 {[%emt 0:13:19] The position is equal.} Re8 13. Be3 Bg4 14. a4 h6 15. Re1 Ne4 16. Nb5 Qd8 17. Bxb6 Qxb6 18. Nfd4 Bxe2 19. Rxe2 a6 20. Nxc6 bxc6 21. Nd4 c5 22. Nf3 Nf6 23. Rxe8+ Rxe8 24. Rb1 a5 25. h3 Rb8 26. Ne5 Qd6 27. Nc4 Qc7 28. Ne3 Qe5 29. Qc2 d4 30. Nc4 Qd5 31. Qd3 Re8 32. Nxa5 Qa2 (32... dxc3 {simplifies} 33. Qxd5 Nxd5 34. bxc3 Nxc3 35. Rb3 Nxa4 36. g3 Re2) 33. Nc4 Nd5 34. g3 {[%emt 0:00:00] Inhibits Nf4.} (34. cxd4 $2 {is the wrong capture.} Nf4 35. Qf5 (35. Qc2 $2 cxd4 $19) 35... Ne2+ (35... cxd4 36. Na3 $16) 36. Kh2 Qxc4 37. dxc5 Qxa4 $19) 34... dxc3 35. bxc3 Nxc3 36. Rb7 Qa1+ 37. Kg2 {[%emt 0:00:34] [#] Hoping for Nd6.} Ne2 $1 (37... Nxa4 $2 {perishes.} 38. Qd7 Rf8 39. Ra7 $18) 38. Rb1 (38. Qb1 $1 $11 {was the only way to keep the balance.} Qxa4 39. Qb5 Qxb5 40. Rxb5) 38... Qxa4 $17 39. Kh2 {[%emt 0:02:39] Weighted Error Value: White=0.15 (very precise) /Black=0.07 (flawless) .  Mistake:       	White=2     	---        Inaccurate:     	White=4     	Black=2      OK:         	White=12    	Black=11     Best:        	White=2     	Black=2      Strong:       	---       	Black=1} (39. Nd6 $17 Qc6+ 40. f3) 0-1

[Event "Charlotte Spring IM-B 2024"]
[Site "Charlotte"]
[Date "2024.03.28"]
[Round "1.5"]
[White "Chirilov, James A"]
[Black "Nandhakumar, Vaseegaran"]
[Result "0-1"]
[ECO "C13"]
[WhiteElo "2082"]
[BlackElo "2251"]
[Annotator "RC"]
[PlyCount "92"]
[EventDate "2024.03.27"]
[EventType "tourn"]
[EventCountry "USA"]
[SourceTitle "playchess.com"]
[Source "ChessBase"]
[SourceQuality "1"]
[TimeControl "5400+30"]

1. e4 e6 2. d4 d5 3. Nc3 dxe4 4. Nxe4 Nf6 5. Bg5 Be7 6. Bxf6 gxf6 7. Nf3 f5 8. Nc3 a6 9. a4 Bf6 10. Bc4 Nc6 11. d5 Na5 12. Ba2 c6 13. d6 Qb6 14. Rb1 Bd7 15. O-O c5 16. Qd2 O-O-O 17. Rfe1 Rhg8 18. g3 Nc6 19. Qh6 Nd4 20. Nxd4 Bxd4 21. Ne2 Rg6 22. Qf4 Rg4 23. Qd2 Qxd6 24. Nxd4 Qxd4 25. Qe2 Qxa4 26. Bb3 Qe4 27. f3 Qxe2 28. Rxe2 Rd4 29. Re5 b6 30. c3 Rd2 31. Bc4 Bb5 32. Bxb5 axb5 33. b4 Rd1+ 34. Rxd1 Rxd1+ 35. Kf2 Rd5 36. Re2 Rd3 37. Rc2 Kb7 38. c4 bxc4 39. b5 c3 40. Ke2 Rd2+ 41. Rxd2 cxd2 42. Kxd2 Kc7 43. Kd3 Kd6 44. Kc4 e5 45. h3 e4 46. f4 h5 0-1

[Event "Charlotte Spring IM-B 2024"]
[Site "Charlotte"]
[Date "2024.03.28"]
[Round "2.1"]
[White "Diaz Charpentier, Kristel Meliss"]
[Black "Nandhakumar, Vaseegaran"]
[Result "0-1"]
[ECO "E93"]
[WhiteElo "1990"]
[BlackElo "2251"]
[Annotator "RC"]
[PlyCount "82"]
[EventDate "2024.03.27"]
[EventType "tourn"]
[EventCountry "USA"]
[SourceTitle "playchess.com"]
[Source "ChessBase"]
[SourceQuality "1"]
[TimeControl "5400+30"]

1. d4 Nf6 2. c4 d6 3. Nc3 e5 4. Nf3 Nbd7 5. e4 g6 6. Be2 Bg7 7. d5 O-O 8. h3 a5 9. g4 Nc5 10. Qc2 c6 11. Bg5 cxd5 12. cxd5 Bd7 13. O-O Rc8 14. Nd2 b5 15. Bxf6 Qxf6 16. Bxb5 Bxb5 17. Nxb5 Ne6 18. Qb3 Nf4 19. Rfe1 Qh4 20. Qg3 Nxh3+ 21. Kh2 Qh6 22. g5 Nxg5+ 23. Kg2 Nh3 24. Nxd6 Qxd2 25. Kxh3 Rc2 26. Rad1 Qb4 27. Nf5 Qxb2 28. Rb1 Qc3 29. Re3 Qc7 30. Nxg7 Kxg7 31. Rbb3 Rxa2 32. Rec3 Qe7 33. Rf3 Re2 34. Rfe3 Rxe3 35. Qxe3 a4 36. Ra3 Rb8 37. Kg2 Rb4 38. Rc3 Qh4 39. Kf3 Qh3+ 40. Ke2 Rb2+ 41. Kd3 Qf1+ 0-1

[Event "Charlotte Spring IM-B 2024"]
[Site "Charlotte"]
[Date "2024.03.28"]
[Round "2.2"]
[White "Becerra Rivero, Julio"]
[Black "Chirilov, James A"]
[Result "1-0"]
[ECO "A26"]
[WhiteElo "2411"]
[BlackElo "2082"]
[Annotator "TA"]
[PlyCount "67"]
[EventDate "2024.03.27"]
[EventType "tourn"]
[EventCountry "USA"]
[SourceTitle "playchess.com"]
[Source "ChessBase"]
[SourceQuality "1"]
[TimeControl "5400+30"]

1. c4 Nf6 2. Nc3 g6 3. g3 Bg7 4. Bg2 O-O 5. e4 d6 6. Nge2 e5 7. O-O Nc6 8. d3 Nd7 9. f4 f5 10. exf5 gxf5 11. Be3 {[%emt 0:03:09] White is slightly better.} Nf6 12. h3 Be6 13. Nd5 Ne7 14. Nxf6+ Bxf6 15. Qd2 c6 16. Rae1 Ng6 17. b3 Qe7 18. d4 Rfd8 (18... e4 $14) 19. d5 $16 Bd7 20. dxc6 bxc6 21. Rd1 Be8 22. g4 {[%emt 0:09:37] White is more active.} Nh4 23. Ng3 $36 {[%emt 0:00:47][%mdl 2048] White is pushing.} e4 $1 24. Qa5 Nxg2 $2 {[%emt 0:06:49] [#] Black cannot hold the game after this.} ({Black should play} 24... Bf7 $14) 25. Kxg2 $18 fxg4 26. hxg4 Bd7 27. Qh5 (27. Bxa7 $2 Bxg4 28. Nf5 Bxf5 (28... Qxa7 $2 29. Qxa7 Bf3+ 30. Rxf3 $19) 29. Qxf5 Qg7+ (29... Rxa7 $2 30. Rd2 $19) 30. Kh2 Qh6+ (30... Rxa7 $2 31. Rg1 $18) 31. Qh3 Qxh3+ 32. Kxh3 Rxa7 $19) 27... d5 28. g5 (28. cxd5 Be8 29. Qh3 (29. Qf5 cxd5 30. Rxd5 Bg6 $18) 29... Rxd5 $18) 28... Bc3 29. f5 (29. cxd5 cxd5 30. Rxd5 Bh3+ 31. Qxh3 (31. Kxh3 Rxd5 32. f5 Rd3 $11) 31... Rxd5 $14) 29... d4 (29... Qg7 $142 30. g6 (30. cxd5 cxd5 31. g6 Bf6 $16) 30... hxg6 31. fxg6 Rf8 32. cxd5 (32. Bh6 Qe5 $18) 32... Qh8 33. Rxf8+ Rxf8 34. dxc6 (34. Bxa7 Qxh5 35. Nxh5 Bg4 $17) 34... Qxh5 35. Nxh5 Bg4) 30. Bf4 ({Not} 30. Bxd4 Be8 31. Qh3 (31. Bf6 $2 Bxh5 32. Bxe7 Bf3+ 33. Kf2 Rxd1 $19) 31... Bxd4 $18 (31... Rxd4 $2 32. f6 $18)) 30... e3 31. g6 {[%emt 0:00:38][%cal Of5f6] [#] White wants to mate with f6!} hxg6 32. fxg6 {[%emt 0:01:12] Be5 would kill now.} (32. Qxg6+ Qg7 33. Qxg7+ Kxg7 34. Be5+ Kf7 $18) 32... e2 33. Be5 ({Less strong is} 33. Qxe2 Qxe2+ 34. Nxe2 c5 $16) 33... Bh3+ 34. Qxh3 {[%emt 0:01:02] Weighted Error Value: White=0.04 (flawless) /Black=0.55.  Loses game:     	---       	Black=1      Mistake:       	---       	Black=2      Inaccurate:     	White=2     	Black=1      OK:         	White=9     	Black=3      Best:        	White=2     	Black=1      Strong:       	---       	Black=1} 1-0

[Event "Charlotte Spring IM-B 2024"]
[Site "Charlotte"]
[Date "2024.03.28"]
[Round "2.3"]
[White "Narayanan, Samrug"]
[Black "Jiang, Andrew"]
[Result "1-0"]
[ECO "C95"]
[WhiteElo "2343"]
[BlackElo "2181"]
[Annotator "RC"]
[PlyCount "124"]
[EventDate "2024.03.27"]
[EventType "tourn"]
[EventCountry "USA"]
[SourceTitle "playchess.com"]
[Source "ChessBase"]
[SourceQuality "1"]
[TimeControl "5400+30"]

1. e4 e5 2. Nf3 Nc6 3. Bb5 a6 4. Ba4 Nf6 5. O-O Be7 6. Re1 b5 7. Bb3 d6 8. c3 O-O 9. h3 Nb8 10. d4 Nbd7 11. Nbd2 Bb7 12. Bc2 Re8 13. Nf1 Bf8 14. Ng3 g6 15. b3 c6 16. Be3 Bg7 17. Qd2 h5 18. a4 Qc7 19. Rad1 Rad8 20. Bh6 Nh7 21. Bxg7 Kxg7 22. b4 Nb6 23. a5 Nc4 24. Qc1 d5 25. Nxe5 Nxe5 26. dxe5 Rxe5 27. exd5 Rdxd5 28. Ne4 Qe7 29. Nc5 Rxd1 30. Rxd1 Bc8 31. Qf4 Nf6 32. Bb3 Re2 33. Qd4 Kh7 34. Rd3 Re1+ 35. Kh2 Ne8 36. Qf4 Nf6 37. Qd6 Ng4+ 38. hxg4 Qh4+ 39. Rh3 Qxf2 40. Qd4 Qf1 41. Nd3 Re2 42. Nf4 Rf2 43. Rf3 Rxg2+ 44. Nxg2 Qxf3 45. gxh5 Qxh5+ 46. Qh4 Qxh4+ 47. Nxh4 Kg7 48. Nf3 Kf6 49. Kg3 g5 50. Bc2 g4 51. Nd4 Kg5 52. Bb3 f5 53. Ne2 Bd7 54. Nf4 Kf6 55. Kf2 Kg5 56. Ke3 Kh4 57. Bc2 Kg3 58. Ne2+ Kg2 59. Bd3 Kh3 60. Kf4 Kg2 61. Ng3 Kf2 62. Bxf5 Be8 1-0

[Event "Charlotte Spring IM-B 2024"]
[Site "Charlotte"]
[Date "2024.03.28"]
[Round "2.4"]
[White "Castillo Coca, Mairebis"]
[Black "Tang, Benjamin"]
[Result "0-1"]
[ECO "B13"]
[WhiteElo "2043"]
[BlackElo "2324"]
[Annotator "RC"]
[PlyCount "58"]
[EventDate "2024.03.27"]
[EventType "tourn"]
[EventCountry "USA"]
[SourceTitle "playchess.com"]
[Source "ChessBase"]
[SourceQuality "1"]
[TimeControl "5400+30"]

1. d4 Nf6 2. Nc3 d5 3. Bf4 c5 4. e3 cxd4 5. exd4 Bg4 6. Nf3 Nc6 7. Nb5 Rc8 8. c3 Qa5 9. h3 Bxf3 10. Qxf3 a6 11. b4 Qb6 12. Nc7+ Rxc7 13. Bxc7 Qxc7 14. b5 axb5 15. Bxb5 e6 16. O-O Bd6 17. Rfd1 O-O 18. Rab1 Na5 19. Bd3 Rc8 20. Rdc1 h6 21. g3 e5 22. Bf5 e4 23. Qd1 Ra8 24. Rb5 Nc4 25. Qb3 b6 26. Kg2 Ra3 27. Qc2 Bxg3 28. Qe2 Qf4 29. fxg3 Qxc1 0-1

[Event "Charlotte Spring IM-B 2024"]
[Site "Charlotte"]
[Date "2024.03.28"]
[Round "2.5"]
[White "Bregadze, Levan"]
[Black "Lima, Darcy"]
[Result "1-0"]
[ECO "E90"]
[WhiteElo "2435"]
[BlackElo "2364"]
[Annotator "TA"]
[PlyCount "127"]
[EventDate "2024.03.27"]
[EventType "tourn"]
[EventCountry "USA"]
[SourceTitle "playchess.com"]
[Source "ChessBase"]
[SourceQuality "1"]
[TimeControl "5400+30"]

1. Nf3 Nf6 2. c4 g6 3. d4 Bg7 4. Nc3 O-O 5. e4 d6 6. h3 e5 7. d5 Na6 8. Bg5 c6 9. a3 Bd7 10. b4 cxd5 11. Nxd5 Nb8 12. Nxf6+ Bxf6 13. Bh6 Re8 14. Qxd6 Nc6 15. Qd1 a5 16. b5 Nd4 17. Bd3 Ne6 18. O-O Nc5 19. Bc2 Be6 20. Qe2 Rc8 21. Rfd1 Qe7 22. Bd2 b6 23. Be3 Rc7 24. a4 Rec8 25. Rd2 Nd7 26. Qd1 Bxc4 27. Bb3 Bxb3 28. Qxb3 Nc5 29. Qd5 Ra7 30. Rc1 Rac7 31. Rc4 Qe8 (31... Rd7 $2 32. Qxd7 (32. Rxc5 Rcd8 $18) 32... Nxd7 33. Rxc8+ Nf8 34. Bxb6 $18) (31... Kg7 $14) 32. Qd6 $18 Bd8 (32... Qe6 $142 33. Rd5 Qxd6 34. Rxd6 Ne6 35. Rxc7 Rxc7) 33. Bxc5 (33. Qxb6 Nd7 (33... Rd7 34. Qxc5 Rxc5 35. Rxc5 $16) 34. Rxd7 Qxd7 35. Rxc7 Rxc7 $11 (35... Qxc7 36. Qa6 $11) (35... Bxc7 36. Qa7 $16)) (33. Qxe5 Be7 34. Rd5 f6) (33. Nxe5 $18 {[%cal Oe5g4] Threatens to win with Ng4!} h5 34. Rd5) 33... Be7 $16 34. Qxe5 Bxc5 35. Qxe8+ Rxe8 36. Kf1 f6 37. Rd5 Rce7 {[%emt 0:03:03] [#]} 38. e5 (38. Nd2 $1 $16 ) 38... fxe5 $14 39. Re4 Kg7 (39... Rf7 $11 {remains equal.}) 40. Rdxe5 (40. Rexe5 $6 Kf6 41. Rxe7 Rxe7 $16) 40... Rxe5 41. Rxe5 (41. Nxe5 Bd6 42. f4 g5 $11) 41... Rd8 42. Ke2 Kf6 43. g4 Rc8 44. g5+ Kf7 45. Re4 Bd6 46. Kd2 Bb4+ {[%emt 0:00:33] [#]} 47. Kd1 $1 Bd6 48. Nd2 Rc3 49. Re3 Rc5 (49... Rc8 $16) 50. h4 Be7 51. f3 h6 (51... Bd6 $16 {was called for.} 52. Re4 h6) 52. gxh6 $18 Rh5 53. Nc4 Rxh4 (53... Rxh6 {was worth a try.} 54. Re4 (54. Nxb6 Bc5 $17) 54... Bd8) 54. Re4 ({Inferior is} 54. Nxb6 Bc5 (54... Rxh6 $2 {too greedy.} 55. Nc4 $18) 55. Rc3 Bxb6 $17) 54... Rh1+ 55. Re1 Rxh6 56. Nxb6 Rh3 (56... Bd8 $142) 57. Nc4 $18 Bb4 58. Re4 Kf6 59. Ke2 Rh2+ 60. Kd3 Rh3 61. Ne5 Kf5 62. b6 Bd6 63. b7 Rh1 $2 (63... Bb8 64. Nc6 Rxf3+ 65. Re3 Rf4 66. Nxb8 Rb4) 64. Nc4 1-0

[Event "Charlotte Spring IM-B 2024"]
[Site "Charlotte"]
[Date "2024.03.29"]
[Round "3.1"]
[White "Lima, Darcy"]
[Black "Diaz Charpentier, Kristel Meliss"]
[Result "1-0"]
[ECO "A46"]
[WhiteElo "2364"]
[BlackElo "1990"]
[Annotator "RC"]
[PlyCount "51"]
[EventDate "2024.03.27"]
[EventType "tourn"]
[EventCountry "USA"]
[SourceTitle "playchess.com"]
[Source "ChessBase"]
[SourceQuality "1"]
[TimeControl "5400+30"]

1. d4 Nf6 2. Nf3 e6 3. g3 b5 4. Bg2 Bb7 5. O-O c5 6. c3 Be7 7. Bg5 Na6 8. Nbd2 O-O 9. Qb1 Qb6 10. e4 h6 11. Be3 Rac8 12. a4 c4 13. axb5 Qxb5 14. h3 Nh7 15. Qc2 d5 16. e5 Rc6 17. Nh2 Rb6 18. Ra2 Qd7 19. f4 Bc6 20. g4 Bb5 21. Ndf3 Nb8 22. f5 Nc6 23. f6 gxf6 24. Bxh6 Ra8 25. exf6 Nxf6 26. Ng5 1-0

[Event "Charlotte Spring IM-B 2024"]
[Site "Charlotte"]
[Date "2024.03.29"]
[Round "3.2"]
[White "Tang, Benjamin"]
[Black "Bregadze, Levan"]
[Result "0-1"]
[ECO "B06"]
[WhiteElo "2324"]
[BlackElo "2435"]
[Annotator "TA"]
[PlyCount "126"]
[EventDate "2024.03.27"]
[EventType "tourn"]
[EventCountry "USA"]
[SourceTitle "playchess.com"]
[Source "ChessBase"]
[SourceQuality "1"]
[TimeControl "5400+30"]

1. e4 g6 2. d4 Bg7 3. Nf3 c6 4. Bd3 d5 5. e5 Bg4 6. Nbd2 f6 7. h3 Bxf3 8. Nxf3 Nd7 {[%emt 0:01:04] White is better.} 9. Qe2 fxe5 $1 10. dxe5 Qc7 11. Bf4 O-O-O (11... e6 $14) 12. O-O $16 e6 13. c4 Ne7 14. Ng5 (14. b4 $142) 14... Nc5 15. Nf7 (15. Rae1 {simplifies} Nf5 16. Bxf5 gxf5 17. Qe3) 15... Rhf8 16. Nxd8 Rxf4 17. Qe3 $1 Qxd8 (17... Kxd8 $14 18. Qxc5 (18. Qxf4 Nxd3 19. Qh4 Bxe5 $17) 18... Bxe5) 18. Qxc5 (18. Qxf4 Nxd3 19. Qf7 Nf5 $16 (19... Bxe5 20. Rad1 $11)) 18... Bxe5 19. Qe3 $1 $36 {[%emt 0:05:19][%mdl 2048] White is really pushing.} (19. Qxa7 dxc4 20. Qa8+ Bb8 $11) 19... Bc7 (19... Qd6 $16 {is a better defense.}) 20. Qxe6+ $18 ({Don't take} 20. Qxa7 $6 Qd6 $16) 20... Kb8 21. Rfe1 Nc8 22. cxd5 Rf6 23. Qg4 Rf4 24. Qe2 Rf8 (24... Qxd5 {keeps fighting.} 25. Be4 Qg5) 25. dxc6 Qd6 26. g3 {[%emt 0:00:13] aiming for cxb7.} Bb6 27. Qe5 (27. Kh1 $18 {cxb7 is the strong threat.} Qxc6+ 28. Be4) 27... Bxf2+ $16 28. Kg2 Bxe1 29. Qxd6+ $1 (29. Rxe1 Qxe5 30. Rxe5 bxc6 $14) 29... Nxd6 30. Rxe1 bxc6 {[%emt 0:00:00][%mdl 4096] Endgame. KRB-KRN} 31. Re7 Rf7 32. Rxf7 Nxf7 {[%emt 0:01:30] KB-KN} 33. Kf3 $1 Kc7 34. Kf4 {[%emt 0:00:29] Repels Ne5} Kd6 35. Bc2 c5 {[%emt 0:00:00] [#]} 36. Bb3 Ne5 {[%emt 0:00:00] [#]} 37. Kg5 $1 Ke7 38. Bd5 Kf8 $2 (38... c4 $16 39. Kh6 a5 40. Kxh7 Kf6) 39. Kh6 $18 Ke7 40. Kg7 ({Less strong is} 40. Kxh7 Kf6 41. h4 Nd7) 40... g5 41. Kxh7 {[%emt 0:01:24] And now Kg7 would win.} Kf6 42. h4 gxh4 43. gxh4 {[%emt 0:00:01] Black must now prevent b3.} Ng6 $2 (43... Ng4 44. Bf3 Ne3) 44. h5 Ne7 45. Be4 a5 46. Bd3 Kg5 $2 (46... Nd5 {was called for.} 47. Kg8 Kg5) 47. h6 (47. Kg7 $142 {Threatens to win with h6.} Kxh5 48. Kf6 Nd5+ 49. Ke5) 47... Kf6 48. Be4 Kf7 49. Bd3 $2 (49. Bf3) 49... Kf6 50. a4 $2 (50. a3 Kf7 51. Ba6) 50... Kf7 51. b3 $2 (51. Bb5 $18) 51... Kf6 $11 52. Bb5 Nf5 53. Bd7 {[%emt 0:00:07] White wants to mate with Bxf5.} (53. Bc4 $5) 53... Ne7 54. Bb5 (54. Bg4 $5) 54... Nf5 55. Bd3 ({White should play} 55. Bc4 $11) 55... Ne7 $16 56. Kh8 Kf7 57. Bc4+ $2 (57. Bc2 $18) 57... Kg6 $11 58. h7 Kf6 $1 59. Be2 $2 (59. b4 $11 cxb4 60. Bb3) 59... Kf7 {[%emt 0:00:00][%cal Re7g6] Black mates.} 60. Bd3 Nc6 61. Bc4+ Kf8 62. Be2 Ne5 63. Bh5 Nf7+ {[%emt 0:00:00][%mdl 32768] Weighted Error Value: White=0.52/Black=0.17 (very precise) .  Loses game:     	White=1     	Black=1      Missed win:     	White=1     	---        Mistake:       	White=6     	Black=6      Inaccurate:     	White=1     	Black=1      OK:         	White=20    	Black=24     Best:        	White=6     	Black=12     Strong:       	White=5     	Black=2     . Loss on time!?} 0-1

[Event "Charlotte Spring IM-B 2024"]
[Site "Charlotte"]
[Date "2024.03.29"]
[Round "3.3"]
[White "Jiang, Andrew"]
[Black "Castillo Coca, Mairebis"]
[Result "1-0"]
[ECO "B08"]
[WhiteElo "2181"]
[BlackElo "2043"]
[Annotator "RC"]
[PlyCount "55"]
[EventDate "2024.03.27"]
[EventType "tourn"]
[EventCountry "USA"]
[SourceTitle "playchess.com"]
[Source "ChessBase"]
[SourceQuality "1"]
[TimeControl "5400+30"]

1. e4 d6 2. d4 Nf6 3. Nc3 g6 4. Bg5 Bg7 5. Nf3 h6 6. Be3 c6 7. Qd2 Qa5 8. h3 Nfd7 9. Bd3 b5 10. O-O b4 11. Ne2 c5 12. a3 Nc6 13. axb4 Qxb4 14. c3 Qb8 15. Rfc1 a5 16. Ng3 cxd4 17. cxd4 Nb4 18. Bc4 Nb6 19. Bb5+ Bd7 20. Bxd7+ Nxd7 21. Ra3 h5 22. Bf4 Qb5 23. Rc7 Nb6 24. Qc1 h4 25. Nf1 Nd3 26. Rxd3 Qxd3 27. Qc6+ Kf8 28. Qxa8+ 1-0

[Event "Charlotte Spring IM-B 2024"]
[Site "Charlotte"]
[Date "2024.03.29"]
[Round "3.4"]
[White "Chirilov, James A"]
[Black "Narayanan, Samrug"]
[Result "0-1"]
[ECO "C54"]
[WhiteElo "2082"]
[BlackElo "2343"]
[Annotator "RC"]
[PlyCount "124"]
[EventDate "2024.03.27"]
[EventType "tourn"]
[EventCountry "USA"]
[SourceTitle "playchess.com"]
[Source "ChessBase"]
[SourceQuality "1"]
[TimeControl "5400+30"]

1. e4 e5 2. Nf3 Nc6 3. Bc4 Bc5 4. c3 Nf6 5. d3 O-O 6. O-O d6 7. Re1 a5 8. Nbd2 Ne7 9. d4 exd4 10. cxd4 Ba7 11. Bb3 Ng6 12. h3 c6 13. Nf1 d5 14. e5 Ne4 15. N1d2 Nxd2 16. Bxd2 Bf5 17. Bc2 Bxc2 18. Qxc2 f6 19. e6 Ne7 20. a4 Bb8 21. b4 axb4 22. Bxb4 Re8 23. a5 Bd6 24. Bc3 Ng6 25. Re3 Bf4 26. Re2 Bc7 27. Qf5 Bxa5 28. e7 Rxe7 29. Rxe7 Nxe7 30. Qe6+ Kf8 31. Bxa5 Rxa5 32. Re1 Ra6 33. Qg4 Ra8 34. h4 Qd6 35. h5 b5 36. h6 g6 37. Re6 Ra1+ 38. Ne1 Qb4 39. Qe2 Kf7 40. Kh2 Ra2 41. Rxe7+ Qxe7 42. Qxa2 Qxe1 43. Qa8 g5 44. Qxc6 Qxf2 45. Qd7+ Kg6 46. Qg7+ Kh5 47. Qxh7 g4 48. Qd3 Kxh6 49. Qxb5 Qf4+ 50. g3 Qxd4 51. Qe2 Qe4 52. Qd2+ Kg6 53. Qa5 Qe2+ 54. Kg1 Qe3+ 55. Kh2 Qf2+ 56. Kh1 Qf1+ 57. Kh2 Qh3+ 58. Kg1 Qxg3+ 59. Kh1 Qf3+ 60. Kh2 g3+ 61. Kh3 g2+ 62. Kh2 Qf2 0-1